Map: Habitation Station LE (Void)

Players

Fropez

  • Race: Protoss Protoss
  • League: Gold
  • Spawn Location: 11:00

MarineDream - Winner!

  • Race: Protoss Protoss
  • League: Silver
  • Spawn Location: 1:00

VOD

Have the link to the VOD?

Description

Time

  • Played on: Dec. 8, 2016, 3:03 p.m.
  • Length: 6:32
Show
View Real Time Build Order
Export as new Build Order

Fropez Protoss 

Build Orders: 1 Gate Expand, Dark Templar Rush 

Get SALT Encoding   

  12  0:01  Probe (Chrono Boost)  
  13  0:13  Pylon  
  13  0:18  Probe (Chrono Boost)  
  14  0:29  Probe (Chrono Boost)  
  14  0:31  Assimilator  
  15  0:39  Probe (Chrono Boost)  
  16  0:49  Gateway  
  17  0:50  Probe (Chrono Boost)  
  17  1:00  Probe (Chrono Boost)  
  18  1:11  Probe (Chrono Boost)  
  19  1:21  Probe (Chrono Boost)  
  20  1:28  Nexus  
  20  1:32  Probe (Chrono Boost)  
  21  1:41  Assimilator  
  21  1:50  Cybernetics Core  
  21  1:53  Probe (Chrono Boost)  
  22  2:01  Pylon  
  22  2:03  Probe (Chrono Boost)  
  23  2:20  Probe (Chrono Boost)  
  24  2:29  Pylon  
  24  2:34  Twilight Council  
  24  2:36  Mothership Core (Chrono Boost)  
  26  2:41  Probe (Chrono Boost)  
  27  2:50  Probe (Chrono Boost)  
  28  2:52  Warp Gate (Chrono Boost)  
  28  2:54  Probe  
  28  2:55  Stalker  
  30  3:00  Probe  
  31  3:07  Probe, Assimilator  
  31  3:10  Probe  
  33  3:17  Dark Shrine  
  33  3:19  Probe  
  34  3:22  Pylon  
  34  3:32  Stalker  
  36  3:34  Probe  
  36  3:35  Probe  
  38  3:46  Probe  
  39  3:49  Probe  
  39  3:54  Robotics Facility  
  40  3:59  Probe  
  40  4:00  Probe  
  42  4:05  Assimilator  
  42  4:07  Stalker  
  44  4:11  Probe  
  44  4:12  Probe  
  46  4:19  Gateway  
  46  4:22  Probe  
  47  4:28  Probe  
  48  4:32  Probe  
  47  4:41  Warp Prism (Chrono Boost)  
  49  4:49  Stalker  
  51  4:53  Probe  
  51  4:54  Probe  
  51  4:55  Pylon  
  53  5:04  Probe  
  53  5:07  Probe  
  55  5:12  Pylon  
  55  5:15  Probe  
  55  5:20  Stalker  
  54  5:37  Dark Templar  
  56  6:01  Dark Templar  
Show
View Real Time Build Order
Export as new Build Order

MarineDream Protoss - Winner!

Build Orders:  

Get SALT Encoding   

  12  0:01  Probe (Chrono Boost)  
  13  0:11  Probe (Chrono Boost)  
  14  0:19  Pylon  
  14  0:22  Probe (Chrono Boost)  
  15  0:37  Probe (Chrono Boost)  
  15  0:40  Gateway  
  16  0:45  Assimilator  
  16  0:48  Probe (Chrono Boost)  
  17  0:59  Probe (Chrono Boost)  
  18  1:09  Probe (Chrono Boost)  
  19  1:21  Probe (Chrono Boost)  
  20  1:26  Pylon  
  20  1:30  Cybernetics Core  
  20  1:32  Probe (Chrono Boost)  
  21  1:39  Gateway  
  21  1:42  Assimilator  
  21  1:44  Probe (Chrono Boost)  
  22  1:54  Probe (Chrono Boost)  
  23  2:12  Robotics Facility  
  23  2:16  Probe (Chrono Boost)  
  24  2:27  Mothership Core (Chrono Boost)  
  26  2:33  Warp Gate (Chrono Boost)  
  26  2:37  Adept  
  26  2:42  Adept  
  30  2:54  Pylon  
  34  3:13  Immortal  
  34  3:17  Probe  
  34  3:19  Pylon  
  35  3:27  Stalker x2  
  39  3:52  Immortal  
  43  3:57  Zealot x2  
  47  4:06  Pylon  
  47  4:08  Pylon  
  45  4:37  Gateway  
  45  4:38  Gateway, Stalker x2  
  49  4:49  Warp Prism  
  51  4:55  Probe  
  52  5:02  Stalker x2  
  53  5:56  Pylon  
  53  5:58  Pylon  
  53  6:03  Observer (Chrono Boost)  
Tags
 
Add a new tag
Caveats
  • Supply blocks, unpowered buildings, or Contaminate may cause inaccurate times.
  • Supply counts are checked every 10 seconds.